 Dungeon Crawl Stone Soup version 0.32-a0-938-g40ac7a0 (webtiles) character file.

Game seed: 9239399997031112752

8873 kiwi77 the Skirmisher (level 10, -2/86 HPs)
             Began as a Demigod Hunter on Apr 21, 2024.
             Slain by a jumping spider (shapeshifter) (16 damage)
             ... on level 9 of the Dungeon.
             The game lasted 00:21:33 (9147 turns).

kiwi77 the Skirmisher (Demigod Hunter)              Turns: 9147, Time: 00:21:33

Health: -2/86      AC:  8    Str: 12    XL:     10   Next: 94%
Magic:  13/13      EV: 21    Int: 11    God:
Gold:   565        SH:  0    Dex: 29    Spells: 9/9 levels left

rFire   + . .        a - +1 shortbow
rCold   + . .        (shield currently unavailable)
rNeg    . . .        r - +0 acid dragon scales
rPois   .            p - +1 hat
rElec   .            x - scarf {rC+ rF+}
rCorr   +            (no gloves)
SInv    .            (no boots)
Will    +....        (no amulet)
Stlth   ++           q - +5 ring of evasion
HPRegen 0.34/turn    (no ring)
MPRegen 0.13/turn

%: no passive effects
@: no status effects
A: high MP 1, forlorn, divine attributes, antennae 1, sturdy frame 1
a: no special abilities


You were on level 9 of the Dungeon.
You visited 1 branch of the dungeon, and saw 9 of its levels.

You collected 565 gold pieces.

Inventory:

Hand Weapons
 a - a +1 shortbow (weapon)
 l - the +1 mace "Minunt" {vamp, rN+ Str+4}
   (You found it on level 3 of the Dungeon)

   Str+4:     It affects your strength (+4).
   rN+:       It protects you from negative energy.
 A - the +3 hand axe of the Key {flame, rPois Dex+4}
   (You found it on level 9 of the Dungeon)

   Dex+4:     It affects your dexterity (+4).
   rPois:     It protects you from poison.
Missiles
 o - 2 throwing nets
Armour
 c - a +1 leather armour
 i - a +2 cloak
 p - a +1 hat (worn)
 r - +0 acid dragon scales (worn)
 x - a scarf of resistance (worn)
Jewellery
 g - a ring of fire
 h - a ring of flight
 q - a +5 ring of evasion (left hand)
Wands
 y - a wand of quicksilver (7)
 z - a wand of paralysis (1)
Scrolls
 b - a scroll of butterflies
 e - 6 scrolls of teleportation
 k - 2 scrolls of blinking
 m - a scroll of revelation
 n - 2 scrolls of fog
 t - 2 scrolls of fear
 u - 5 scrolls of identify
 v - a scroll of torment
Potions
 d - 4 potions of curing
 f - a potion of invisibility
 j - 2 potions of heal wounds
 s - a potion of haste
 w - a potion of might


   Skills:
 * Level 7.6 Fighting
 + Level 12.4 Ranged Weapons
 * Level 5.1 Armour
 * Level 5.6 Dodging
 - Level 0.8 Stealth
 + Level 0.5 Evocations


You had 9 spell levels left.
You didn't know any spells.
Your spell library contained the following spells:

 Spells                   Type           Power      Damage    Failure   Level
 Necrotise                Necr           0%         1d4       36%         1
 Slow                     Hex            0%         N/A       36%         1
 Ensorcelled Hibernation  Hex/Ice        0%         N/A       52%         2
 Confusing Touch          Hex            0%         N/A       75%         3
 Frozen Ramparts          Ice            0%         1d1       75%         3
 Fugue of the Fallen      Necr           0%         N/A       75%         3
 Inner Flame              Hex/Fire       0%         N/A       75%         3
 Passwall                 Erth           0%         N/A       75%         3
 Summon Ice Beast         Ice/Summ       0%         N/A       75%         3
 Vampiric Draining        Necr           0%         2d6       75%         3
 Volatile Blastmotes      Fire/Tloc      0%         2d10      75%         3
 Anguish                  Hex/Necr       0%         N/A       98%         4
 Martyr's Knell           Necr/Summ      0%         N/A       98%         4
 Vhi's Electric Charge    Tloc/Air       0%         N/A       98%         4
 Curse of Agony           Necr           0%         N/A       100%        5
 Irradiate                Conj/Alch      0%         3d11      100%        5
 Bombard                  Conj/Erth      0%         9d1       100%        6
 Gell's Gavotte           Tloc           0%         2d(11-16) 100%        6
 Disjunction              Tloc           0%         N/A       100%        8
 Ignition                 Fire           0%         3d3       100%        8


Dungeon Overview and Level Annotations

Branches:
Dungeon (9/15)             Temple (0/1) D:4             Orc (0/2) D:9
   Lair: D:8-11

Shops:
D:2 [

Annotations:
D:5 3 runed translucent doors, Kave's ghost, amateur TrSh
D:9 3 runed translucent doors, Gastronok


Innate Abilities, Weirdness & Mutations

You have an increased reservoir of magic. (+10% MP)
You shall have no god before yourself.
Your divine heritage dramatically boosts your attributes as you level up.
You have a pair of small antennae on your head.
Your movements are slightly less encumbered by armour. (ER -2)


Message History

The boulder beetle is lightly wounded.
The boulder beetle leaps!
You shoot an arrow. The arrow hits the boulder beetle!
The boulder beetle is moderately wounded.
You shoot an arrow.
The arrow hits the boulder beetle but does no damage.
The boulder beetle is moderately wounded.
The boulder beetle curls into a ball and begins rolling!
You shoot an arrow.
The arrow hits the boulder beetle but does no damage.
The boulder beetle is moderately wounded.
You shoot an arrow.
The arrow hits the boulder beetle but does no damage.
The boulder beetle is moderately wounded.
A harpy comes into view.
The boulder beetle hits you!!!
Ouch! That really hurt!
The boulder beetle stops rolling and uncurls.
You hear a screech!
The boulder beetle misses you.
The harpy screeches!
The boulder beetle curls into a ball and begins rolling!
The boulder beetle hits you!
* * * LOW HITPOINT WARNING * * *
The boulder beetle stops rolling and uncurls.
The harpy changes into a jumping spider!
The boulder beetle curls into a ball and begins rolling!
The jumping spider leaps!
The jumping spider leaps!
The boulder beetle attacks as it pursues you!
The boulder beetle misses you.
The boulder beetle stops rolling and uncurls.
The boulder beetle bites you!
* * * LOW HITPOINT WARNING * * *
The boulder beetle leaps!
The jumping spider leaps!
The jumping spider leaps!
The jumping spider leaps!
The jumping spider pounces on you!
You die...

#.....# #......##{.J..
+.....+ #.......##+++#
#.B...# #.............
##)..## #............. ##s##
#........#.... #°# {
###'##########
########.#########..........
.........B...s....#.........
........######@...#.........
........# #....#.........
........######....#....##...
..................#....# ...
........................ ..
#########################


You could see a boulder beetle and a jumping spider shaped shifter.

Vanquished Creatures
  Pikel (D:6)
  Jeremiah (D:6)
  A troll (D:9)
  Prince Ribbit (D:7)
  A wyvern (D:7)
  17 yaks
  A wraith (D:9)
  2 humans (D:9)
  A steam dragon (D:5)
  2 water moccasins
  Duvessa (D:7)
  An acid dragon (D:5)
  2 sky beasts (D:7)
  2 orc warriors
  An ice beast (D:6)
  4 black bears
  2 ogres (D:5)
  3 centaurs
  3 phantoms
  3 kobold brigands
  3 bullfrogs
  3 scorpions
  2 gnoll sergeants (D:9)
  10 wights
  Dowan (D:7)
  6 killer bees
  2 howler monkeys (D:8)
  3 bombardier beetles
  5 hounds
  Crazy Yiuf (D:6)
  2 orc priests
  A sleepcap (D:7)
  3 gnoll boudas
  2 jellies (D:5)
  3 iguanas
  7 ogre zombies (D:9)
  7 adders
  23 gnolls
  3 shadow imps
  5 ufetubi
  2 ribbon worms
  A dart slug (D:1)
  10 orcs
  8 endoplasms
  4 giant cockroaches
  7 goblins
  6 hobgoblins
  6 jackals
  2 quokkas
  5 ball pythons
  5 bats
  2 frilled lizards
  3 gnoll skeletons (D:9)
  3 gnoll zombies (D:9)
  15 kobolds
  2 orc skeletons (D:9)
  12 orc zombies (D:9)
  7 rats
242 creatures vanquished.

Notes
Turn   | Place    | Note
-------+----------+-------------------------------------------
     0 | D:1      | kiwi77 the Demigod Hunter began the quest for the Orb.
     0 | D:1      | Reached XP level 1. HP: 17/17 MP: 3/3
    36 | D:1      | Reached skill level 4 in Ranged Weapons
    36 | D:1      | Reached XP level 2. HP: 15/24 MP: 4/4
   163 | D:1      | Reached XP level 3. HP: 26/29 MP: 5/5
   376 | D:1      | Gained mutation: You are clumsy. (Dex -2) [potion of
                  | mutation]
   376 | D:1      | Gained mutation: You are partially covered in iridescent
                  | scales. (AC +2) [potion of mutation]
   438 | D:2      | Reached skill level 5 in Ranged Weapons
   610 | D:2      | Found Gopappuifo's Armour Emporium.
   969 | D:2      | Reached XP level 4. HP: 36/36 MP: 6/6
  1178 | D:3      | Identified the +1 mace "Minunt" {vamp, rN+ Str+4}
  1616 | D:3      | Noticed an Executioner
  1978 | D:4      | Found a staircase to the Ecumenical Temple.
  2038 | D:4      | Reached skill level 6 in Ranged Weapons
  2038 | D:4      | Reached XP level 5. HP: 41/41 MP: 7/7
  2892 | D:5      | Entered Level 5 of the Dungeon
  2893 | D:5      | Noticed an acid dragon
  3009 | D:5      | Noticed an ogre
  3014 | D:5      | Killed an ogre
  3015 | D:5      | Reached skill level 7 in Ranged Weapons
  3015 | D:5      | Reached XP level 6. HP: 48/48 MP: 8/8
  3158 | D:5      | Reached skill level 8 in Ranged Weapons
  3209 | D:5      | Reached XP level 7. HP: 53/53 MP: 9/9
  3470 | D:5      | Reached skill level 9 in Ranged Weapons
  3858 | D:5      | Reached skill level 1 in Armour
  3858 | D:5      | Reached XP level 8. HP: 62/62 MP: 10/10
  4031 | D:5      | Found a runed translucent gate.
  4031 | D:5      | Found a runed translucent gate.
  4031 | D:5      | Found a runed translucent gate.
  4031 | D:5      | Noticed Kave's ghost (amateur TrSh)
  4556 | D:6      | Lost mutation: You are partially covered in iridescent
                  | scales. (AC +2) [potion of mutation]
  4556 | D:6      | Lost mutation: You are clumsy. (Dex -2) [potion of
                  | mutation]
  4556 | D:6      | Gained mutation: Your movements are slightly less
                  | encumbered by armour. (ER -2) [potion of mutation]
  4556 | D:6      | Gained mutation: You have a pair of small antennae on your
                  | head. [potion of mutation]
  4604 | D:6      | Found a runed translucent door.
  4605 | D:6      | Noticed Crazy Yiuf
  4617 | D:6      | Killed Crazy Yiuf
  4840 | D:6      | Reached skill level 10 in Ranged Weapons
  4950 | D:6      | Noticed Jeremiah
  4983 | D:6      | Killed Jeremiah
  4984 | D:6      | Reached XP level 9. HP: 48/71 MP: 11/11
  5060 | D:6      | Got Biggaturgh's Papyrus of Planar Ice
  5290 | D:6      | Reached skill level 5 in Fighting
  5467 | D:6      | Reached skill level 11 in Ranged Weapons
  5729 | D:7      | Noticed Duvessa
  5729 | D:7      | Noticed Dowan
  5736 | D:7      | Killed Dowan
  5768 | D:7      | Killed Duvessa
  5945 | D:7      | Noticed Prince Ribbit
  5951 | D:7      | Killed Prince Ribbit
  6401 | D:7      | Noticed Pikel
  6419 | D:6      | Killed Pikel
  6420 | D:6      | Reached XP level 10. HP: 68/83 MP: 13/13
  7839 | D:9      | Reached skill level 12 in Ranged Weapons
  7839 | D:9      | Reached skill level 5 in Dodging
  7877 | D:9      | Identified the +3 hand axe of the Key {flame, rPois Dex+4}
  8083 | D:9      | Noticed Gastronok
  8466 | D:8      | Reached skill level 5 in Armour
  8811 | D:9      | Found a staircase to the Orcish Mines.
  9019 | D:9      | Found a runed translucent gate.
  9019 | D:9      | Found a runed translucent gate.
  9019 | D:9      | Found a runed translucent gate.
  9120 | D:9      | Noticed a boulder beetle
  9131 | D:9      | Noticed a harpy
  9137 | D:9      | a harpy changed into a jumping spider
  9147 | D:9      | Slain by a jumping spider (shapeshifter)

Illustrated notes

Levels and vault maps discovered:
D:1:      saegor_arrival_simple_d, layout_rooms, minmay_misc_feat_hallway,
          st_stairs_6
D:2:      layout_loops_ring, serial_shops, shop
D:3:      layout_basic, makhleb_altar_promises_db,
          chequers_ecumenical_altar_island
D:4:      layout_loops_ring, grunt_dithmenos_smoke,
          minmay_temple_entry_mini_moons
D:5:      layout_loops_ring, gammafunk_ghost_nasty_kobolds,
          minmay_misc_feat_room, hex_medium, minmay_manual_monolith
D:6:      layout_basic, jmf_multi_god_temple, uniq_jeremiah,
          uniq_crazy_yiuf_cottage
D:7:      layout_basic, uniq_duvessa, uniq_prince_ribbit1, uniq_pikel
D:8:      layout_basic, grunt_qazlal_sundering, kennysheep_small_spiral,
          serial_park_tiny_1
D:9:      wad_arrow_thing, layout_stronghold, okawaru_humans,
          nicolae_uskayaw_murder_on_the_dancefloor, zombieorc2_lemuel,
          gammafunk_ghost_ooze, hangedman_decor_diamond_cutter, uniq_gastronok

Skill      XL: |  1  2  3  4  5  6  7  8  9 10 |
---------------+-------------------------------+-----
Ranged Weapons | 4 5 6 7 8 9 10 11 12 | 12.4
Fighting       | 2 4 6 7 |  7.6
Dodging        | 2 3 4 5 |  5.6
Armour         | 1 2 4 5 |  5.1
Stealth        | |  0.8
Evocations     | |  0.5

Action                     |  1- 3 |  4- 6 |  7- 9 | 10-12 || total
---------------------------+-------+-------+-------+-------++-------
   Fire: Shortbow          |   133 |   167 |   437 |   523 ||  1260
  Evoke: Wand              |       |       |     8 |       ||     8
    Use: Scroll            |     4 |     5 |     1 |     2 ||    12
         Potion            |     5 |     1 |     4 |       ||    10
 Armour: Leather armour    |    39 |    58 |    46 |       ||   143
         Acid dragon scale |       |       |    71 |   111 ||   182
  Dodge: Dodged            |    31 |    67 |   209 |   305 ||   612

Table legend: (Time is in decaauts)
 A = Elapsed time spent in this place.
 B = Non-inter-level travel time spent in this place.
 C = Inter-level travel time spent in this place.
 D = Time resting spent in this place.
 E = Time spent auto-exploring this place.
 F = Levels seen in this place.
 G = Mean time per level.
                   A        B        C        D        E       F      G
               +--------+--------+--------+--------+--------+-----+--------+
         Total |   9079 |   8866 |    213 |    882 |   6056 |   9 | 1008.8 |
       Dungeon |   9079 |   8866 |    213 |    882 |   6056 |   9 | 1008.8 |
               +--------+--------+--------+--------+--------+-----+--------+

Top non-repeatable levels by time:
     D:8: 1467 daAuts
     D:5: 1300 daAuts
     D:4: 1171 daAuts
     D:6: 1130 daAuts
     D:9: 1077 daAuts
     D:7: 939 daAuts
     D:3: 850 daAuts
     D:2: 688 daAuts
     D:1: 453 daAuts
